 Dungeon Crawl Stone Soup version 0.26.1-2-gb8aa6d0cf2 (webtiles) character file.

Game seed: 3355445364727757363

66 Gadfly the Skirmisher (level 4, -4/35 HPs)
             Began as a Formicid Abyssal Knight on Feb 10, 2021.
             Was a Believer of Lugonu.
             Slain by a gnoll
             ... wielding a +0 spear
              (10 damage)
             ... on level 2 of the Dungeon.
             The game lasted 00:03:27 (1765 turns).

Gadfly the Skirmisher (Formicid Abyssal Knight)     Turns: 1765, Time: 00:03:28

Health: -4/35      AC:  3    Str: 17    XL:     4   Next: 37%
Magic:  6/6        EV: 11    Int: 12    God:    Lugonu [**....]
Gold:   38         SH:  0    Dex: 10    Spells: 3/3 levels left

rFire    . . .     SeeInvis +   a - +2 hand axe
rCold    . . .     Faith    .   (no shield)
rNeg     . . .     Spirit   .   b - +0 leather armour
rPois    .         Reflect  .   (helmet unavailable)
rElec    .         Harm     .   (no cloak)
rCorr    .         Rampage  .   (no gloves)
Will     .....                  (no boots)
Stlth    +.........             (no amulet)
HPRegen  0.11/turn              (no ring)
MPRegen  0.10/turn              (no ring)

@: no status effects
A: permanent stasis, dig shafts and tunnels, four strong arms, antennae 3
a: Dig, Shaft Self, Renounce Religion, Depart the Abyss, Bend Space


You were on level 2 of the Dungeon.
You worshipped Lugonu.
Lugonu was pleased with you.
You visited 1 branch of the dungeon, and saw 2 of its levels.
You visited the Abyss 1 time.

You collected 38 gold pieces.

Inventory:

Hand Weapons
 a - a +2 hand axe (weapon)
Armour
 b - a +0 leather armour (worn)
Scrolls
 j - a scroll of enchant weapon
Potions
 c - a potion of curing
 g - a potion of attraction
 i - a potion of flight {unknown}
 k - a potion of mutation {unknown}


   Skills:
 + Level 3.4 Fighting
 * Level 2.6 Axes
 + Level 2.6 Armour
 - Level 0.8 Dodging
 * Level 1.7 Shields
 * Level 2.9 Invocations
 * Level 1.3 Evocations


You had 3 spell levels left.
You didn't know any spells.
Your spell library was empty.

Dungeon Overview and Level Annotations

Branches:
Dungeon (2/15)

Altars:


Innate Abilities, Weirdness & Mutations

You cannot be hasted, slowed, berserked, paralysed or teleported.
You can dig through walls and to a lower floor.
Your four strong arms can wield two-handed weapons with a shield.
You have a pair of large antennae on your head. (SInv)


Message History

You are too injured to fight recklessly!
You are too injured to fight recklessly!
You are too injured to fight recklessly!
You are too injured to fight recklessly!
You are too injured to fight recklessly!
You are too injured to fight recklessly!
You are too injured to fight recklessly!
You are too injured to fight recklessly!
You are too injured to fight recklessly!
You are too injured to fight recklessly!
Unknown command.
You barely miss the gnoll.
The gnoll is severely wounded.
The gnoll hits you but does no damage. The gnoll barely misses you.
You start resting.
The gnoll hits you but does no damage.
The gnoll hits you with a cursed +0 spear!
* * * LOW HITPOINT WARNING * * *
The gnoll hits you from afar with a +0 spear!
You die...

#g# #.##.. # #{#
#.#.##.######.## #g#
#.#.##.#<....... ######.#
#.#.##.#...(#.## ###....#.#
#.#.##..........
..'....'.#####.#.<....#....##
###....#.....#.#...........#
...†...#.......#.............
#......#......g#@#####.######
.......#.....#g..# ...
.......#######..g# #.#.###
.#?.##########...###.#..
.......................>
.#....######.#....##.#.#
.+....+ .........##.# ##...†#
###.##...##.# ##....##
#.##...##.#


You could see 2 gnolls.

Vanquished Creatures
  A gnoll (D:2)
  An ooze (D:1)
  2 dart slugs
  A ball python (D:1)
  3 giant cockroaches (D:1)
  6 goblins
  7 hobgoblins (D:1)
  6 jackals
  A quokka (D:2)
  2 bats (D:1)
  2 frilled lizards (D:1)
  5 kobolds (D:1)
  5 rats
42 creatures vanquished.

Notes
Turn   | Place    | Note
-------+----------+-------------------------------------------
     0 | Abyss:1  | Gadfly the Formicid Abyssal Knight began the quest for the
                  | Orb.
     0 | Abyss:1  | Reached XP level 1. HP: 18/18 MP: 2/2
    28 | D:1      | Escaped the Abyss
   180 | D:1      | Reached XP level 2. HP: 21/24 MP: 3/3
   539 | D:1      | Reached skill level 1 in Shields
   543 | D:1      | Reached XP level 3. HP: 23/29 MP: 4/4
   685 | D:1      | Reached skill level 1 in Evocations
   786 | D:1      | Reached ** piety under Lugonu
  1459 | D:2      | Reached XP level 4. HP: 26/35 MP: 6/6
  1765 | D:2      | Slain by a gnoll

Illustrated notes

Levels and vault maps discovered:
D:1:      amcnicky_arrival_gap_in_the_tavern_cellar, layout_loops_ring
D:2:      layout_basic, okawaru_trees_1

Skill      XL: |  1  2  3 |
---------------+----------+-----
Shields        | 1 |  1.7
Evocations     | 1 |  1.3
Fighting       | |  3.4
Axes           | |  2.6
Armour         | |  2.6
Dodging        | |  0.8
Invocations    | |  2.9

Action                   |  1- 3 |  4- 6 || total
-------------------------+-------+-------++-------
Melee: Hand axe          |    96 |    19 ||   115
 Abil: Dig               |     1 |       ||     1
  Use: Scroll            |     5 |       ||     5
       Potion            |     1 |       ||     1
Armor: Leather armour    |    24 |     6 ||    30
Dodge: Dodged            |    59 |    11 ||    70
